Map: Solaris LE

Players

Hawkmoon

  • Race: Zerg Zerg
  • League: Gold
  • Spawn Location: 7:00

Subwayeatn - Winner!

  • Race: Protoss Protoss
  • League: Platinum
  • Spawn Location: 1:00

VOD

Have the link to the VOD?

Description

Time

  • Played on: Oct. 20, 2023, 6:29 p.m.
  • Length: 6:19
Show
View Real Time Build Order
Export as new Build Order

Hawkmoon Zerg 

Build Orders: Hatch First 

Get SALT Encoding   

  12  0:01  Drone  
  13  0:12  Overlord  
  13  0:16  Drone  
  14  0:32  Drone x2  
  14  0:35  Drone  
  17  0:53  Hatchery  
  16  0:57  Drone  
  16  0:59  Drone  
  18  1:11  Extractor  
  18  1:16  Spawning Pool  
  18  1:18  Drone  
  17  1:20  Drone  
  18  1:28  Drone  
  19  1:40  Drone  
  20  1:49  Overlord  
  20  2:06  Queen x2  
  24  2:11  Metabolic Boost  
  24  2:13  Zergling x4  
  24  2:14  Zergling x2  
  27  2:32  Drone  
  27  2:33  Drone x2  
  30  2:47  Queen  
  30  2:50  Drone x3, Overlord  
  35  3:01  Overlord x2  
  35  3:23  Drone x4  
  35  3:24  Drone x2  
  41  3:35  Roach Warren  
  41  3:38  Evolution Chamber  
  39  3:44  Evolution Chamber  
  38  3:53  Drone x8  
  38  3:54  Drone  
  47  3:56  Overlord  
  47  4:06  Zerg Missile Weapons Level 1  
  47  4:09  Extractor  
  46  4:10  Extractor  
  46  4:16  Roach  
  46  4:17  Roach x3  
  53  4:20  Overlord  
  53  4:23  Overlord  
  53  4:35  Hatchery  
  52  4:40  Roach x3  
  58  5:04  Lair  
  60  5:14  Roach x4  
  60  5:18  Drone  
  60  5:19  Drone x4  
  60  5:20  Drone x2  
  73  5:26  Overlord  
  73  5:45  Overlord x3  
  73  5:47  Roach  
  73  5:48  Roach x3  
  81  5:54  Drone x2  
Show
View Real Time Build Order
Export as new Build Order

Subwayeatn Protoss - Winner!

Build Orders:  

Get SALT Encoding   

  12  0:00  Probe  
  13  0:13  Probe  
  14  0:28  Probe  
  15  0:29  Pylon  
  15  0:47  Probe  
  16  0:51  Gateway  
  16  0:59  Probe  
  17  1:11  Assimilator, Probe  
  18  1:20  Pylon  
  18  1:23  Probe  
  19  1:27  Assimilator  
  19  1:35  Probe  
  19  1:39  Zealot  
  22  1:47  Probe  
  22  1:48  Cybernetics Core  
  23  2:01  Nexus  
  23  2:06  Probe  
  24  2:18  Probe  
  25  2:24  Stalker  
  25  2:25  Warp Gate  
  27  2:30  Probe  
  28  2:42  Shield Battery  
  28  2:48  Probe  
  29  3:04  Adept  
  31  3:21  Probe  
  31  3:24  Pylon  
  33  3:27  Probe  
  33  3:33  Probe  
  34  3:35  Assimilator x2  
  34  3:46  Stargate  
  34  3:52  Probe  
  34  3:53  Probe (Chrono Boost)  
  36  4:04  Probe (Chrono Boost)  
  36  4:05  Probe (Chrono Boost)  
  38  4:13  Pylon  
  38  4:15  Stargate  
  38  4:20  Protoss Air Weapons Level 1  
  38  4:28  Pylon  
  38  4:29  Probe  
  38  4:30  Probe  
  44  4:40  Void Ray  
  44  4:41  Probe  
  44  4:42  Probe  
  46  4:59  Probe x2  
  48  5:11  Forge  
  48  5:14  Pylon  
  48  5:16  Stargate  
  48  5:17  Probe x2  
  50  5:25  Void Ray (Chrono Boost)  
  50  5:26  Void Ray (Chrono Boost)  
  58  5:31  Sentry  
  60  5:40  Probe  
  61  5:46  Probe  
  62  5:52  Probe  
  63  5:58  Probe  
  64  6:04  Probe  
Tags
 
Matchup
PvZ
Replay Pack
Multiplayer
Spawn Locations
Cross Positions
Add a new tag
Caveats
  • Supply blocks, unpowered buildings, or Contaminate may cause inaccurate times.
  • Supply counts are checked every 10 seconds.